ORI
UNIVERSITY OF GEORGIA BULLDOGS @ UNIVERSITY OF NEBRASKA CORNHUSKERS
09/26/2048
 
TOP OF THE 1ST
University of Georgia Bulldogs batting - Pitching for University of Nebraska Cornhuskers : RHP Harry Harper
Pitching: RHP Harry Harper
Batting: RHB Nate McCormick 0-0: Fly out, F7 (Flyball, 7, EV 79.4 MPH)
Batting: LHB Casey Bass 0-0: Ball
1-0: Foul Ball, location: 2F
1-1: Swinging Strike
1-2: Ball
2-2: Foul Ball, location: 2F
2-2: Ball
3-2: Strikes out swinging, 2-3 out at first.
Batting: RHB Charlie Davison 0-0: SINGLE (Groundball, 4MD, EV 101.9 MPH) (infield hit)
Batting: RHB Murilo Cunha 0-0: Foul Ball, location: 2F
0-1: SINGLE (Groundball, 4MD, EV 108.8 MPH)
Charlie Davison to second
Batting: LHB Dennis Klein 0-0: Foul Ball, location: 2F
0-1: Ball
1-1: Foul Ball, location: 2F
1-2: Ball
2-2: Fly out, F7 (Flyball, 7, EV 90.6 MPH)
Top of the 1st over - 0 runs, 2 hits, 0 errors, 2 left on base; University of Georgia 0 - University of Nebraska 0
BOTTOM OF THE 1ST
University of Nebraska Cornhuskers batting - Pitching for University of Georgia Bulldogs : RHP Rich Gold
Pitching: RHP Rich Gold
Batting: SHB Gary Luckwell 0-0: Ball
1-0: Foul Ball, location: 2F
1-1: Called Strike
1-2: Strikes out swinging
Batting: RHB Danny Forbes 0-0: Foul Ball, location: 2F
0-1: Swinging Strike
0-2: Strikes out swinging
Batting: RHB Zion Jones 0-0: Ball
1-0: Called Strike
1-1: Foul Ball, location: 2F
1-2: Ball
2-2: Ball
3-2: Base on Balls
Batting: LHB Jose Gonzalez 0-0: Called Strike
Zion Jones steals 2nd base
0-1: Ball
1-1: Ball
2-1: Called Strike
2-2: Strikes out looking
Bottom of the 1st over - 0 runs, 0 hits, 0 errors, 1 left on base; University of Georgia 0 - University of Nebraska 0
TOP OF THE 2ND
University of Georgia Bulldogs batting - Pitching for University of Nebraska Cornhuskers : RHP Harry Harper
Batting: RHB Rodolfo Solis 0-0: Ball
1-0: Foul Ball, location: 2F
1-1: Swinging Strike
1-2: Foul Ball, location: 2F
1-2: Strikes out looking
Batting: LHB Sloan Rayner 0-0: Called Strike
0-1: Ball
1-1: DOUBLE (Line Drive, 7LM, EV 109.4 MPH)
Batting: LHB Andy Dyer 0-0: Ball
1-0: Ball
2-0: Ball
Wild Pitch!
Sloan Rayner to third
3-0: Called Strike
3-1: Called Strike
3-2: Base on Balls
Batting: RHB James Warby 0-0: Foul Ball, location: 2F
0-1: Ground out 5-3 (Groundball, 56S, EV 67.5 MPH)
Sloan Rayner scores
Andy Dyer to second
Batting: RHB Nate McCormick 0-0: Ball
1-0: Swinging Strike
1-1: Ball
2-1: Foul Ball, location: 2F
2-2: Ground out U3 (Groundball, 3, EV 90.0 MPH)
Top of the 2nd over - 1 run, 1 hit, 0 errors, 1 left on base; University of Georgia 1 - University of Nebraska 0
BOTTOM OF THE 2ND
University of Nebraska Cornhuskers batting - Pitching for University of Georgia Bulldogs : RHP Rich Gold
Batting: RHB Chris Anthony 0-0: Ball
1-0: Foul Ball, location: 2F
1-1: Fly out, F8 (Line Drive, 8RM, EV 91.9 MPH)
Batting: RHB Matt Peters 0-0: Swinging Strike
0-1: SINGLE (Groundball, 56D, EV 103.8 MPH)
Batting: LHB Mike Rawson 0-0: Ball
Matt Peters steals 2nd base
1-0: Called Strike
1-1: Called Strike
1-2: Ground out 3-1 (Groundball, 34, EV 82.5 MPH)
Matt Peters to third
Batting: LHB Alfonso Escalante 0-0: Fly out, F3 (Line Drive, 3, EV 66.2 MPH)
Bottom of the 2nd over - 0 runs, 1 hit, 0 errors, 1 left on base; University of Georgia 1 - University of Nebraska 0
TOP OF THE 3RD
University of Georgia Bulldogs batting - Pitching for University of Nebraska Cornhuskers : RHP Harry Harper
Batting: LHB Casey Bass 0-0: Called Strike
0-1: Ball
1-1: Fly out, F8 (Flyball, 8LM, EV 71.2 MPH)
Batting: RHB Charlie Davison 0-0: Ball
1-0: Ground out 5-3 (Groundball, 56, EV 96.2 MPH)
Batting: RHB Murilo Cunha 0-0: Ball
1-0: Foul Ball, location: 2F
1-1: Ball
2-1: TRIPLE (Line Drive, 9D, EV 106.9 MPH)
Batting: LHB Dennis Klein 0-0: Ball
1-0: Fly out, F8 (Flyball, 8RM, EV 86.9 MPH)
Top of the 3rd over - 0 runs, 1 hit, 0 errors, 1 left on base; University of Georgia 1 - University of Nebraska 0
BOTTOM OF THE 3RD
University of Nebraska Cornhuskers batting - Pitching for University of Georgia Bulldogs : RHP Rich Gold
Batting: RHB Tariq Garane 0-0: Ball
1-0: Ball
2-0: Called Strike
2-1: Called Strike
2-2: Foul Ball, location: 2F
2-2: Strikes out looking
Batting: SHB Gary Luckwell 0-0: Foul Ball, location: 2F
0-1: Foul Ball, location: 2F
0-2: Ball
1-2: SINGLE (Groundball, 6D, EV 104.4 MPH)
Batting: RHB Danny Forbes 0-0: Ball
Gary Luckwell is caught stealing 2nd base 2-4
1-0: Called Strike
1-1: Foul Ball, location: 2F
1-2: SINGLE (Line Drive, 78S, EV 98.8 MPH)
Batting: RHB Zion Jones 0-0: Ball
1-0: Called Strike
1-1: Swinging Strike
1-2: Foul Ball, location: 2F
1-2: Ball
2-2: SINGLE (Line Drive, 89M, EV 103.8 MPH)
Danny Forbes to second
Batting: LHB Jose Gonzalez 0-0: SINGLE (Flyball, 89S, EV 86.9 MPH)
Danny Forbes to third
Zion Jones to second
Runner from 3rd tries for Home, throw by CF and OUT! 8-2
Bottom of the 3rd over - 0 runs, 4 hits, 0 errors, 2 left on base; University of Georgia 1 - University of Nebraska 0
TOP OF THE 4TH
University of Georgia Bulldogs batting - Pitching for University of Nebraska Cornhuskers : RHP Harry Harper
Batting: RHB Rodolfo Solis 0-0: SINGLE (Line Drive, 8LS, EV 96.2 MPH)
Batting: LHB Sloan Rayner 0-0: Ball
1-0: Called Strike
1-1: SINGLE (Groundball, 6MD, EV 97.5 MPH)
Rodolfo Solis to second
Batting: LHB Andy Dyer 0-0: Ball
1-0: Ball
2-0: Called Strike
2-1: Foul Ball, location: 2F
2-2: Strikes out looking
Batting: RHB James Warby 0-0: Ball
1-0: Called Strike
1-1: Foul Ball, location: 2F
1-2: Ball
2-2: Foul Ball, location: 2F
2-2: Foul Ball, location: 2F
2-2: Strikes out looking
Batting: RHB Nate McCormick 0-0: Swinging Strike
0-1: Called Strike
0-2: Ball
1-2: Strikes out swinging
Top of the 4th over - 0 runs, 2 hits, 0 errors, 2 left on base; University of Georgia 1 - University of Nebraska 0
BOTTOM OF THE 4TH
University of Nebraska Cornhuskers batting - Pitching for University of Georgia Bulldogs : RHP Rich Gold
Batting: RHB Chris Anthony 0-0: Ball
1-0: Foul Ball, location: 2F
1-1: SINGLE (Groundball, 4MD, EV 105.0 MPH)
Batting: RHB Matt Peters 0-0: Called Strike
Chris Anthony steals 2nd base
0-1: Called Strike
0-2: Foul Ball, location: 2F
0-2: Ball
1-2: Ball
2-2: Ball
3-2: SINGLE (Groundball, 56D, EV 103.1 MPH)
Chris Anthony to third
Runner from 3rd tries for Home, SAFE, throw by LF to home
Batting: LHB Mike Rawson 0-0: Ball
1-0: Called Strike
1-1: Fly out, F8 (Line Drive, 8RD, EV 101.2 MPH)
Batting: LHB Alfonso Escalante 0-0: Ball
1-0: Swinging Strike
1-1: Fielders Choice at 2nd, 3-6 (Groundball, 3, EV 85.0 MPH)
Batting: RHB Tariq Garane 0-0: Ball
1-0: Called Strike
1-1: Ball
2-1: Foul Ball, location: 2F
2-2: Ball
3-2: Foul Ball, location: 2F
3-2: Foul Ball, location: 2F
3-2: Foul Ball, location: 2F
3-2: Strikes out looking
Bottom of the 4th over - 1 run, 2 hits, 0 errors, 1 left on base; University of Georgia 1 - University of Nebraska 1
TOP OF THE 5TH
University of Georgia Bulldogs batting - Pitching for University of Nebraska Cornhuskers : RHP Harry Harper
Batting: LHB Casey Bass 0-0: Called Strike
0-1: Called Strike
0-2: Strikes out swinging
Batting: RHB Charlie Davison 0-0: Called Strike
0-1: Swinging Strike
0-2: Foul Ball, location: 2F
0-2: Foul Ball, location: 2F
0-2: Ball
1-2: Ball
2-2: Ball
3-2: Base on Balls
Pitching: RHP Jason Kelly
Batting: RHB Murilo Cunha 0-0: Ball
1-0: Ball
2-0: Ball
3-0: Called Strike
3-1: Foul Ball, location: 2F
3-2: Base on Balls
Charlie Davison to second
Batting: LHB Dennis Klein 0-0: Called Strike
0-1: SINGLE (Groundball, 6D, EV 96.9 MPH)
Charlie Davison to third
Murilo Cunha to second
Runner from 3rd tries for Home, throw by CF and OUT! 8-2
Batting: RHB Rodolfo Solis 0-0: Fly out, F9 (Flyball, 9, EV 91.9 MPH)
Top of the 5th over - 0 runs, 1 hit, 0 errors, 2 left on base; University of Georgia 1 - University of Nebraska 1
BOTTOM OF THE 5TH
University of Nebraska Cornhuskers batting - Pitching for University of Georgia Bulldogs : RHP Rich Gold
Batting: SHB Gary Luckwell 0-0: DOUBLE (Flyball, 8RXD, EV 104.4 MPH)
Batting: RHB Danny Forbes 0-0: Called Strike
0-1: Ball
1-1: Ball
2-1: Swinging Strike
2-2: Ball
3-2: Base on Balls
Pitching: LHP Jon Lucas
Batting: RHB Zion Jones 0-0: Swinging Strike
0-1: Swinging Strike
0-2: Ball
1-2: Strikes out swinging
Batting: LHB Jose Gonzalez 0-0: SINGLE (Line Drive, 6MD, EV 97.5 MPH)
Gary Luckwell to third
Danny Forbes to second
Batting: RHB Chris Anthony 0-0: GRAND SLAM HOME RUN (Flyball, 7LD, EV 95.6 MPH), Distance : 367 ft
Batting: RHB Matt Peters 0-0: Called Strike
0-1: Foul Ball, location: 2F
0-2: Hit by Pitch
Batting: LHB Mike Rawson 0-0: Ball
1-0: Ball
2-0: Ball
3-0: Base on Balls
Matt Peters to second
Batting: LHB Alfonso Escalante 0-0: Called Strike
0-1: Swinging Strike
0-2: Ball
1-2: Strikes out swinging
Batting: RHB Tariq Garane 0-0: Ball
1-0: Swinging Strike
1-1: Called Strike
1-2: Ball
Wild Pitch!
Matt Peters to third
Mike Rawson to second
2-2: Fly out, F7 (Flyball, 7D, EV 107.5 MPH)
Bottom of the 5th over - 4 runs, 3 hits, 0 errors, 2 left on base; University of Georgia 1 - University of Nebraska 5
TOP OF THE 6TH
University of Georgia Bulldogs batting - Pitching for University of Nebraska Cornhuskers : RHP Jason Kelly
Batting: LHB Sloan Rayner 0-0: Swinging Strike
0-1: Ball
1-1: Ground out 4-3 (Groundball, 4, EV 83.1 MPH)
Batting: LHB Andy Dyer 0-0: Swinging Strike
0-1: Called Strike
0-2: Ball
1-2: Foul Ball, location: 2F
1-2: Fly out, F7 (Flyball, 7S, EV 91.2 MPH)
Batting: RHB James Warby 0-0: Called Strike
0-1: Ball
1-1: Foul Ball, location: 2F
1-2: Ball
2-2: Ball
3-2: Strikes out looking
Top of the 6th over - 0 runs, 0 hits, 0 errors, 0 left on base; University of Georgia 1 - University of Nebraska 5
BOTTOM OF THE 6TH
University of Nebraska Cornhuskers batting - Pitching for University of Georgia Bulldogs : LHP Jon Lucas
Pitching: RHP Pacu Panic
Batting: SHB Gary Luckwell 0-0: Ball
1-0: Foul Ball, location: 2F
1-1: Ball
2-1: Ground out U3 (Groundball, 3, EV 109.4 MPH)
Batting: RHB Danny Forbes 0-0: Ball
1-0: Foul Ball, location: 2F
1-1: Swinging Strike
1-2: Strikes out swinging
Batting: RHB Zion Jones 0-0: Foul Ball, location: 2F
0-1: Ball
1-1: Called Strike
1-2: Fly out, F3 (Popup, 34, EV 70.0 MPH)
Bottom of the 6th over - 0 runs, 0 hits, 0 errors, 0 left on base; University of Georgia 1 - University of Nebraska 5
TOP OF THE 7TH
University of Georgia Bulldogs batting - Pitching for University of Nebraska Cornhuskers : RHP Jason Kelly
Pitching: RHP Ferdi Limburg
Batting: RHB Nate McCormick 0-0: Ball
1-0: Ball
2-0: Foul Ball, location: 2F
2-1: Foul Ball, location: 2F
2-2: Strikes out swinging
Batting: LHB Casey Bass 0-0: Foul Ball, location: 2F
0-1: Swinging Strike
0-2: Foul Ball, location: 2F
0-2: Ground out 3-1 (Groundball, 34, EV 82.5 MPH)
Batting: RHB Charlie Davison 0-0: Ball
1-0: Called Strike
1-1: Called Strike
1-2: Ball
2-2: Strikes out swinging
Top of the 7th over - 0 runs, 0 hits, 0 errors, 0 left on base; University of Georgia 1 - University of Nebraska 5
BOTTOM OF THE 7TH
University of Nebraska Cornhuskers batting - Pitching for University of Georgia Bulldogs : RHP Pacu Panic
Batting: LHB Jose Gonzalez 0-0: Ball
1-0: Called Strike
1-1: Swinging Strike
1-2: Ball
2-2: Ground out U3 (Groundball, 3, EV 77.5 MPH)
Batting: RHB Chris Anthony 0-0: Ball
1-0: SINGLE (Line Drive, 78M, EV 96.9 MPH)
Batting: RHB Matt Peters 0-0: Called Strike
Chris Anthony steals 2nd base
0-1: Ball
1-1: Swinging Strike
1-2: Foul Ball, location: 2F
1-2: Strikes out looking
Batting: LHB Mike Rawson 0-0: Ground out 6-3 (Groundball, 6, EV 105.0 MPH)
Bottom of the 7th over - 0 runs, 1 hit, 0 errors, 1 left on base; University of Georgia 1 - University of Nebraska 5
TOP OF THE 8TH
University of Georgia Bulldogs batting - Pitching for University of Nebraska Cornhuskers : RHP Ferdi Limburg
Batting: RHB Murilo Cunha 0-0: Fly out, F8 (Flyball, 8RD, EV 78.8 MPH)
Batting: LHB Dennis Klein 0-0: Called Strike
0-1: Ball
1-1: Ground out 4-3 (Groundball, 4, EV 85.0 MPH)
Batting: RHB Rodolfo Solis 0-0: Ball
1-0: Foul Ball, location: 2F
1-1: Called Strike
1-2: Foul Ball, location: 2F
1-2: Ball
2-2: Strikes out swinging
Top of the 8th over - 0 runs, 0 hits, 0 errors, 0 left on base; University of Georgia 1 - University of Nebraska 5
BOTTOM OF THE 8TH
University of Nebraska Cornhuskers batting - Pitching for University of Georgia Bulldogs : RHP Pacu Panic
Batting: LHB Alfonso Escalante 0-0: Called Strike
0-1: SINGLE (Groundball, 4M, EV 86.2 MPH) (infield hit)
Batting: RHB Tariq Garane 0-0: Ball
1-0: Called Strike
1-1: Ground out U3 (Groundball, 3, EV 83.8 MPH)
Alfonso Escalante to second
Batting: SHB Gary Luckwell 0-0: Ball
1-0: Ball
2-0: Ball
3-0: Called Strike
3-1: Fly out, F7 (Flyball, 7D, EV 101.2 MPH)
Runner from 2nd tags up, SAFE at 3rd with throw by LF
Batting: RHB Danny Forbes 0-0: Called Strike
0-1: Swinging Strike
0-2: 2-RUN HOME RUN (Line Drive, 78XD, EV 106.9 MPH), Distance : 421 ft
Batting: RHB Zion Jones 0-0: Ball
1-0: Ground out 6-3 (Groundball, 6, EV 85.0 MPH)
Bottom of the 8th over - 2 runs, 2 hits, 0 errors, 0 left on base; University of Georgia 1 - University of Nebraska 7
TOP OF THE 9TH
University of Georgia Bulldogs batting - Pitching for University of Nebraska Cornhuskers : RHP Ferdi Limburg
Batting: LHB Sloan Rayner 0-0: Ball
1-0: Called Strike
1-1: Ground out U3 (Groundball, 34S, EV 80.6 MPH)
Batting: LHB Andy Dyer 0-0: Called Strike
0-1: Foul Ball, location: 2F
0-2: Ball
1-2: Ball
2-2: Foul Ball, location: 2F
2-2: Strikes out looking
Pinch Hitting: LHB Luis Mejia 0-0: Called Strike
0-1: Called Strike
0-2: Ball
1-2: Strikes out swinging
Top of the 9th over - 0 runs, 0 hits, 0 errors, 0 left on base; University of Georgia 1 - University of Nebraska 7
Tuesday, March 28th , 2023 - OOTP Baseball 23.10 Build 110